Map: Iron Fortress LE (Void)

Players

Bop

  • Race: Terran Terran

Claire - Winner!

  • Race: Zerg Zerg

VOD

Have the link to the VOD?

Description

Time

  • Played on: May 3, 2015, 7 a.m.
  • Length: 10:12
Show
View Real Time Build Order
Export as new Build Order

Bop Terran 

Build Orders: MMM Bio 

Get SALT Encoding   

  12  0:01  SCV  
  13  0:13  SCV  
  14  0:22  Supply Depot  
  14  0:25  SCV  
  15  0:35  Refinery  
  15  0:44  SCV  
  15  0:46  Barracks  
  16  0:56  SCV  
  17  1:01  Barracks  
  17  1:08  SCV  
  18  1:20  SCV  
  19  1:28  Supply Depot  
  19  1:32  SCV  
  19  1:34  Reaper  
  21  1:48  Reaper  
  21  1:50  Orbital Command  
  22  2:03  Barracks  
  22  2:06  Barracks  
  22  2:09  Reaper  
  23  2:22  Bunker  
  23  2:23  Reaper  
  23  2:25  SCV  
  25  2:39  Bunker  
  25  2:41  SCV, Reaper  
  27  2:53  Reaper  
  27  2:54  SCV  
  28  3:07  SCV  
  28  3:12  Supply Depot, Refinery  
  29  3:19  Command Center  
  29  3:22  SCV, Reaper  
  31  3:37  Barracks Reactor  
  29  3:44  Barracks Reactor  
  29  3:48  SCV  
  30  3:56  Barracks Tech Lab  
  30  3:59  Supply Depot  
  30  4:02  Supply Depot  
  30  4:03  Barracks Tech Lab  
  30  4:04  Bunker  
  30  4:13  Command Center, SCV  
  30  4:14  Marine x2  
  33  4:21  Marine x2  
  35  4:26  Combat Shields  
  35  4:31  Marine x2  
  35  4:38  Supply Depot  
  37  4:42  Orbital Command  
  37  4:43  Marine  
  38  4:47  Marine  
  38  4:51  Marine x2  
  41  4:58  SCV  
  42  5:01  Marine x3  
  42  5:04  Marine  
  46  5:07  Stimpack  
  46  5:08  Orbital Command  
  46  5:10  SCV  
  47  5:16  Marine x2  
  47  5:19  Marine  
  47  5:20  Marine x2  
  52  5:22  SCV, Marine  
  52  5:25  Orbital Command  
  54  5:34  SCV  
  55  5:37  Marauder  
  55  5:39  Marauder  
  50  5:51  Marine x3  
  50  5:54  SCV  
  54  5:59  Marauder  
  54  6:00  Marauder  
  58  6:08  Engineering Bay  
  58  6:11  Engineering Bay  
  58  6:14  Marine  
  53  6:20  Marauder  
  53  6:21  Marauder  
  53  6:23  Concussive Shells  
  53  6:25  Marine x3  
  59  6:39  Terran Infantry Weapons Level 1, Terran Infantry Armor Level 1  
  59  6:41  Marauder  
  59  6:42  SCV x3  
  59  6:45  Factory  
  59  6:46  Marauder  
  66  6:51  Marine x4  
  70  6:57  SCV  
  70  7:00  Supply Depot  
  71  7:03  Marauder  
  71  7:08  SCV, Marauder  
  75  7:09  Marine  
  75  7:11  Marine x3  
  75  7:14  SCV x2  
  81  7:27  Marauder, Marine  
  81  7:29  Marauder, Marine x2  
  84  7:34  Marine  
  81  7:37  Starport  
  81  7:39  SCV x3  
  81  7:41  Refinery  
  81  7:42  Refinery  
  79  7:44  Marine  
  79  7:47  Marine x2  
  79  7:48  Marauder  
  79  7:51  Marauder  
  72  7:59  Factory Reactor  
  72  8:00  SCV  
  72  8:01  SCV  
  75  8:10  Supply Depot, Marauder  
  75  8:12  Marauder  
  78  8:13  Marine x2  
  78  8:14  Marine x2  
  78  8:16  Medivac  
  78  8:17  Orbital Command  
  84  8:26  Barracks  
  80  8:27  Barracks  
  80  8:31  Marauder  
  80  8:32  Marine  
  80  8:33  Marauder  
  85  8:39  SCV x2  
  87  8:49  Armory  
  87  8:50  SCV  
  87  8:51  SCV  
  89  8:59  Marauder, Marine  
  89  9:02  Factory Tech Lab  
  92  9:04  Medivac  
  92  9:05  Medivac  
  94  9:12  Marauder  
  73  9:19  Marine x3  
  73  9:20  Marine  
  73  9:21  Marauder  
  77  9:25  Barracks Reactor, Barracks Tech Lab  
  77  9:27  Siege Tank  
  80  9:33  Marauder  
  80  9:34  SCV x3  
  80  9:36  Bunker  
  80  9:37  Marine x2  
  87  9:42  Marine, Marauder  
  87  9:43  Marine  
  83  9:49  Marauder  
Show
View Real Time Build Order
Export as new Build Order

Claire Zerg - Winner!

Build Orders: Hatch First 

Get SALT Encoding   

  12  0:01  Drone  
  13  0:12  Overlord  
  13  0:17  Drone  
  14  0:31  Drone x2  
  14  0:35  Drone  
  17  0:45  Drone  
  18  0:56  Drone  
  19  1:03  Hatchery  
  18  1:07  Drone  
  19  1:16  Spawning Pool  
  18  1:18  Drone  
  19  1:28  Drone  
  20  1:39  Drone  
  21  1:47  Hatchery  
  21  1:50  Drone  
  21  2:00  Overlord  
  21  2:11  Drone  
  21  2:14  Queen  
  21  2:15  Queen  
  26  2:23  Zergling x4  
  28  2:33  Zergling x4  
  30  2:47  Drone x2  
  30  2:51  Queen x2  
  33  3:10  Zergling x4  
  33  3:11  Zergling x6  
  38  3:13  Extractor  
  38  3:14  Roach Warren  
  36  3:27  Zergling x6  
  36  3:28  Zergling x2  
  40  3:37  Drone  
  40  3:38  Overlord x2  
  41  3:46  Extractor  
  40  3:55  Drone, Extractor  
  40  3:56  Drone x2  
  40  4:00  Drone x6  
  48  4:06  Drone  
  49  4:11  Drone  
  49  4:16  Drone x5  
  55  4:21  Drone x2  
  57  4:24  Drone  
  58  4:36  Overlord x2  
  58  4:38  Lair  
  58  4:40  Metabolic Boost  
  58  4:51  Overlord  
  58  4:57  Drone x3  
  58  4:58  Drone x2  
  58  4:59  Drone  
  64  5:03  Roach x3  
  64  5:04  Roach  
  72  5:10  Overlord  
  72  5:16  Drone x5  
  72  5:20  Drone x2  
  72  5:21  Drone  
  80  5:23  Extractor  
  80  5:25  Drone  
  80  5:33  Roach x3  
  80  5:34  Zergling x4  
  84  5:54  Drone x5  
  84  5:55  Overlord x3  
  84  5:57  Glial Reconstitution  
  89  5:59  Overseer  
  89  6:01  Evolution Chamber  
  89  6:02  Evolution Chamber  
  87  6:09  Drone x2  
  81  6:25  Drone x4  
  84  6:28  Extractor x2  
  84  6:30  Zerg Missile Weapons Level 1, Zerg Ground Armor Level 1  
  84  6:32  Drone x3  
  85  6:36  Drone x3  
  85  6:37  Drone x10  
  98  6:46  Roach x2  
  102  6:53  Roach x2  
  106  6:55  Overlord  
  106  6:57  Hatchery, Overlord x3  
  106  6:59  Extractor x2  
  103  7:05  Roach  
  103  7:13  Overlord, Roach x3  
  103  7:14  Roach  
  103  7:15  Roach x4  
  119  7:18  Roach x3  
  125  7:24  Roach  
  117  7:36  Roach x7  
  109  7:44  Roach x2  
  109  7:45  Roach x3  
  109  7:52  Queen  
  109  7:53  Drone x3  
  109  7:54  Drone x3  
  117  8:05  Roach x3  
  123  8:08  Burrow  
  129  8:12  Roach x3  
  129  8:16  Roach x2  
  133  8:21  Roach  
  133  8:22  Roach  
  135  8:27  Queen  
  135  8:31  Roach x4  
  139  8:37  Roach x4  
  145  8:45  Overlord x4  
  145  8:53  Drone  
  145  8:55  Hydralisk Den  
  145  8:56  Roach x2  
  145  9:11  Roach x4  
  145  9:12  Roach x5  
  145  9:15  Roach x4  
  149  9:20  Roach x24  
  155  9:28  Roach x4  
  155  9:29  Roach  
  155  9:31  Roach x13  
  165  9:41  Roach x7  
  165  9:42  Roach  
  165  9:43  Roach x12  
  171  9:52  Roach x3  
Tags
 
Add a new tag
Caveats
  • Supply blocks, unpowered buildings, or Contaminate may cause inaccurate times.
  • Supply counts are checked every 10 seconds.